 Dungeon Crawl Stone Soup version 0.29-a0-91-gdebf4667c2 (webtiles) character file.

Game seed: 13771554070832668783

210915 robertstho the Crack Shot (level 18, -17/184 HPs)
             Began as a Minotaur Hunter on Feb 4, 2022.
             Was the Champion of Okawaru.
             Killed from afar by a salamander tyrant (33 damage)
             ... on level 4 of the Snake Pit on Feb 7, 2022.
             The game lasted 01:07:36 (37472 turns).

robertstho the Crack Shot (Minotaur Hunter)        Turns: 37472, Time: 01:07:41

Health: -17/184    AC: 48    Str: 26    XL:     18   Next: 20%
Magic:  21/25      EV: 10    Int: 17    God:    Okawaru [******]
Gold:   3127       SH:  5    Dex: 14    Spells: 17/17 levels left

rFire   + + .      SeeInvis .   W - +4 longbow (freeze)
rCold   + . .      Faith    .   (shield currently unavailable)
rNeg    . . .      Spirit   .   i - +10 crystal plate armour of Wohaph {Fly rF+}
rPois   +          Reflect  +   N - +2 hat {Int+3}
rElec   +          Harm     .   k - scarf {rC+ rF+}
rCorr   .          Rampage  .   A - +1 pair of gloves
Will    +....                   K - +0 pair of boots "Wammiaw" {rElec Str+4}
Stlth   ..........              o - amulet of reflection
HPRegen 0.40/turn               c - ring "Iruagukh" {rPois AC+4 Int+6}
MPRegen 0.19/turn               q - +4 ring of protection

@: lethally poisoned (-17 -> -18), heroic, finesse-ful, weakened, flying,
slowed, studying Unarmed Combat, very slow
A: horns 2, retaliatory headbutt
}: 1/15 runes: decaying
a: Renounce Religion, Heroism, Finesse, Duel


You were on level 4 of the Snake Pit.
You worshipped Okawaru.
Okawaru was exalted by your worship.
You visited 6 branches of the dungeon, and saw 32 of its levels.
You also visited: Bailey and Ice Cave.

You collected 4508 gold pieces.
You spent 1381 gold pieces at shops.

Inventory:

Hand Weapons
 u - the +4 scimitar of Dishonesty {flame, rCorr MP+9 Str+3 Int-4}
   (You found it on level 4 of the Dungeon)

   It burns those it strikes, dealing additional fire damage.
   Big, fiery blades are also staple armaments of hydra-hunters.
   Str:       It affects your strength (+3).
   Int:       It affects your intelligence (-4).
   MP:        It affects your magic capacity (+9).
   rCorr:     It protects you from acid and corrosion.
 F - the +12 trident of Recklessness {elec, rN+++ Int-3 Dex-3 Stlth+}
   (You found it on level 6 of the Dungeon)

   It occasionally discharges a powerful burst of electricity upon striking a
   foe.
   Int:       It affects your intelligence (-3).
   Dex:       It affects your dexterity (-3).
   rN:        It renders you almost immune to negative energy.
   Stlth:     It makes you more stealthy.
 S - a +2 longbow of flaming
 W - a +4 longbow of freezing (weapon)
Missiles
 d - 284 arrows (quivered ammo)
Armour
 i - the +10 crystal plate armour of Wohaph (worn) {Fly rF+}
   (Okawaru gifted it to you on level 3 of the Lair of Beasts)

   rF:        It protects you from fire.
   Fly:       It grants you flight.
 k - a scarf of resistance (worn)
 A - a +1 pair of gloves (worn)
 G - +0 ice dragon scales
 K - the +0 pair of boots "Wammiaw" (worn) {rElec Str+4}
   (You found it in a bailey)

   Str:       It affects your strength (+4).
   rElec:     It insulates you from electricity.
 N - a +2 hat of intelligence (worn)
 Q - the +2 fire dragon scales "Nisutek" {Fly rF++ rC- Dex+6}
   (Okawaru gifted it to you on level 8 of the Dungeon)

   Dex:       It affects your dexterity (+6).
   rF:        It greatly protects you from fire.
   rC:        It makes you vulnerable to cold.
   Fly:       It grants you flight.
 Z - the +1 fire dragon scales of the Ward {rF++ rC- rN+ rCorr}
   (You found it on level 12 of the Dungeon)

   rF:        It greatly protects you from fire.
   rC:        It makes you vulnerable to cold.
   rN:        It protects you from negative energy.
   rCorr:     It protects you from acid and corrosion.
Jewellery
 c - the ring "Iruagukh" (left hand) {rPois AC+4 Int+6}
   (You found it on level 3 of the Lair of Beasts)

   [ring of protection]

   AC:        It affects your AC (+4).
   Int:       It affects your intelligence (+6).
   rPois:     It protects you from poison.
 o - an amulet of reflection (around neck)
 q - a +4 ring of protection (right hand)
 r - a ring of willpower
 w - a ring of protection from cold
 y - a ring of flight
 B - a ring of see invisible
 E - a ring of resist corrosion
Wands
 e - a wand of iceblast (40)
 p - a wand of digging (17)
 D - a wand of acid (6)
 L - a wand of mindburst (34)
Scrolls
 f - a scroll of holy word
 g - 2 scrolls of brand weapon
 n - 4 scrolls of silence
 s - 2 scrolls of fog
 t - 2 scrolls of blinking
 v - 3 scrolls of magic mapping
 H - 7 scrolls of enchant armour
 I - 2 scrolls of fear
 R - 2 scrolls of enchant weapon
 T - 3 scrolls of immolation
 X - 4 scrolls of teleportation
Potions
 a - 3 potions of mutation
 b - 5 potions of ambrosia
 j - 2 potions of heal wounds
 l - 3 potions of cancellation {unknown}
 m - 2 potions of might
 x - 3 potions of curing
 M - 3 potions of magic
 O - 5 potions of haste
 P - a potion of resistance
 U - 4 potions of invisibility
 V - 4 potions of berserk rage
Miscellaneous
 h - a condenser vane
 J - a lightning rod (4/4)


   Skills:
 * Level 22.1(27) Fighting
 + Level 0.3(5.3) Polearms
 * Level 24.1(27) Bows
 + Level 11.3(16.3) Armour
 + Level 6.0(11.0) Dodging
 + Level 2.9(7.9) Stealth
 + Level 6.1(11.1) Shields
 * Level 11.8 Invocations
 + Level 0.8 Evocations


You had 17 spell levels left.
You didn't know any spells.
Your spell library contained the following spells:

 Spells                   Type           Power      Damage    Failure   Level
 Apportation              Tloc           0%         N/A       99%         1
 Freeze                   Ice            0%         1d3       99%         1
 Sandblast                Erth           0%         2d4       99%         1
 Blink                    Tloc           0%         N/A       100%        2
 Passwall                 Tmut/Erth      0%         N/A       100%        2
 Scorch                   Fire           0%         2d5       100%        2
 Static Discharge         Conj/Air       0%         N/A       100%        2
 Frozen Ramparts          Ice            0%         1d2       100%        3
 Ignite Poison            Fire/Tmut/Pois 0%         N/A       100%        3
 Mephitic Cloud           Conj/Pois/Air  0%         N/A       100%        3
 Portal Projectile        Hex/Tloc       0%         N/A       100%        3
 Stone Arrow              Conj/Erth      0%         3d7       100%        3
 Cause Fear               Hex            0%         N/A       100%        4
 Dispel Undead            Necr           0%         3d6       100%        4
 Flame Wave               Conj/Fire      0%         2d4       100%        4
 Hailstorm                Conj/Ice       0%         3d3       100%        4
 Ice Form                 Ice/Tmut       0%         N/A       100%        4
 Leda's Liquefaction      Hex/Erth       0%         N/A       100%        4
 Sticky Flame             Conj/Fire      0%         2d3       100%        4
 Fireball                 Conj/Fire      0%         3d3       100%        5
 Freezing Cloud           Conj/Ice/Air   0%         6-21      100%        5
 Iskenderun's Battlesphe  Conj           0%         2d6       100%        5
 Manifold Assault         Tloc           0%         N/A       100%        5
 Conjure Ball Lightning   Conj/Air       0%         3x3d6     100%        6
 Dragon Form              Tmut           0%         N/A       100%        7
 Orb of Destruction       Conj           0%         9d5       100%        7
 Ozocubu's Refrigeration  Ice            0%         4d5       100%        7
 Storm Form               Tmut/Air       0%         N/A       100%        7
 Animate Skeleton         Necr           Unusable   N/A       N/A         1
 Summon Small Mammal      Summ           Unusable   N/A       N/A         1
 Call Canine Familiar     Summ           Unusable   N/A       N/A         3
 Summon Ice Beast         Ice/Summ       Unusable   N/A       N/A         4
 Simulacrum               Ice/Necr       Unusable   N/A       N/A         6
 Summon Cactus Giant      Summ           Unusable   N/A       N/A         6
 Dragon's Call            Summ           Unusable   N/A       N/A         9

Dungeon Overview and Level Annotations

Branches:
Dungeon (15/15)            Temple (1/1) D:4            Lair (6/6) D:11
  Swamp (4/4) Lair:4        Snake (4/4) Lair:2        Slime (0/5) Lair:6
    Orc (2/2) D:11            Elf (0/3) Orc:2        Vaults (0/5) D:13
 Depths (0/4) D:15         Bailey (visited)           IceCv (visited)

Altars:
Ashenzari
Cheibriados
Dithmenos
Elyvilon
Fedhas
Gozag
Hepliaklqana
Kikubaaqudgha
Makhleb
Nemelex Xobeh
Okawaru
Qazlal
Ru
Sif Muna
Trog
Uskayaw
Vehumet
Wu Jian
Xom
Yredelemnul
Zin
The Shining One
Jiyva

Shops:
Orc:2 =*[[(!   Snake:1 *!   Snake:3 !

Annotations:
D:3 1 runed translucent door, belegose's ghost, amateur GrCA
D:14 36 runed doors
Snake:1 2 transporters, Gonliqab's ghost, journeyman MiFi


Innate Abilities, Weirdness & Mutations

You have a pair of horns on your head.
You reflexively headbutt those who attack you in melee.


Message History

The naga ritualist looks frightened!
The naga sharpshooter easily resists.
You feel sick.
The naga ritualist no longer looks unusually strong.
The naga mage constricts you.
Unknown command.
The naga mage's grasp on you weakens, but your attempt to escape fails.
You feel sick.
You are no longer poisoned.
The naga warrior no longer looks unusually strong.
The naga sharpshooter spits poison at you.
The splash of poison hits you but does no damage.
You are poisoned.
You resist.
The naga mage starts to cry.
The naga mage loses its grip on you.
The naga warrior hits you with a +0 scimitar!
* * * LOW HITPOINT WARNING * * *
The naga warrior grabs you. The naga warrior constricts you.
The naga sharpshooter shoots an arrow.
The arrow hits you but does no damage.
Blink to where?
Press: ? - help, Dir - move target, p - salamander mystic The naga warrior's grasp on you weakens, but your attempt to escape fails.
As you read the scroll of blinking, it crumbles to dust.
You feel sick.
The naga sharpshooter is no longer moving quickly.
The naga sharpshooter shoots an arrow.
The arrow hits you but does no damage. The naga warrior spits poison at you.
The splash of poison hits you. You resist.
* * * LOW HITPOINT WARNING * * *
The naga warrior constricts you. You block the naga warrior's attack.
The naga warrior constricts you.
* * * LOW HITPOINT WARNING * * *
Blink to where?
Press: ? - help, Dir - move target You escape the naga warrior's grasp.
As you read the scroll of blinking, it crumbles to dust.
You feel sick.
The salamander tyrant rends the earth beneath you!
The blast of magma engulfs you!! You partially resist.
You die...

...[ ##......()# ......
#..$...(((. #......# #..#...N.#(
+#.....[# #......).N.
#######.......# #.......N((
..............# #.......((.
..............############...##)N
#......................N(N)((.N)(
#...............@≈....N)......../
+...........#+###...######.....(+
#....÷..........#...# #PN..N..
#...<...............# #.......
....................# #..(P...
....................# ...(....
####......≈≈........# .........
#.....≈≈≈≈.......#
.......≈≈≈≈≈≈......#


You could see a naga warrior (catching breath) and a salamander tyrant (strong).

Vanquished Creatures
  Mara (Swamp:3)
  Bai Suzhen (Swamp:4)
  Saint Roka (Orc:1)
  A bone dragon (Swamp:4)
  A tentacled monstrosity (Swamp:2)
  Jorgrun (Orc:1)
  Rupert (Orc:2)
  Gastronok (D:8)
  3 nagarajas
  A fenstrider witch (Swamp:4)
  The ghost of siradein the Thaumaturge, an adept DjFE of Hepliaklqana (Orc:2)
  A frost giant (D:12)
  Aizul (Snake:4)
  A stone giant (D:12)
  2 very ugly things (IceCv)
  A deep elf annihilator (D:12)
  7 eleionomae
  2 dire elephants (Lair:6)
  3 bunyips
  Snorg (Lair:6)
  A fire dragon (D:15)
  An ettin (D:12)
  A shambling mangrove (Swamp:4)
  3 boulder beetles
  A ghost crab (Swamp:4)
  6 anacondas
  Harold (D:9)
  11 naga warriors
  2 ice dragons
  4 vault guards
  17 hydras
  3 caustic shrike simulacra (IceCv)
  6 centaur warriors
  6 two-headed ogres
  A tengu warrior (D:13)
  6 death yaks
  7 alligators
  4 naga sharpshooters
  3 orc high priests (Orc:2)
  5 shock serpents
  A fire crab (Lair:6)
  3 spectral death yaks (Lair:6)
  A salamander mystic (Snake:4)
  6 sea snakes
  A spectral anaconda (Lair:6)
  3 naga ritualists
  3 spriggan druids
  2 swamp dragons
  An obsidian statue (Lair:6)
  3 goliath frogs
  7 bog bodies
  2 phantasmal warriors (Swamp:4)
  A deep elf archer (D:12)
  6 orc knights
  A spectral hydra (Swamp:4)
  2 deep elf pyromancers
  2 orange crystal statues (IceCv)
  A manticore (D:11)
  4 necromancers (Lair:6)
  5 mana vipers
  4 salamanders
  4 cyclopes
  4 will-o-the-wisps
  5 orc sorcerers
  Maurice (D:11)
  22 elephants
  2 guardian serpents
  32 black mambas
  2 dire elephant zombies (Lair:6)
  2 vault sentinels (D:8)
  2 ice statues
  A cane toad (shapeshifter) (D:10)
  Joseph (D:10)
  15 naga magi
  2 torpor snails
  A gargoyle (D:11)
  15 cane toads
  4 kobold demonologists
  7 rime drakes
  12 komodo dragons
  8 freezing wraiths
  2 efreet
  An anaconda simulacrum (IceCv)
  A swamp worm zombie (Swamp:4)
  A tengu conjurer (D:13)
  A burning bush (Lair:4)
  3 golden dragon simulacra (IceCv)
  A queen bee (Lair:4)
  7 trolls
  5 meliai
  9 polar bears
  5 bloated husks
  6 hydra zombies (Swamp:4)
  6 tyrant leeches
  12 dream sheep
  15 slime creatures
  A spectral elephant (Lair:6)
  7 hornets
  4 spectral swamp dragons (Swamp:4)
  6 alligator zombies (Swamp:4)
  6 blink frogs
  A shadow (D:12)
  A water elemental (D:13)
  A yak (shapeshifter) (D:13)
  7 spriggans
  A dire elephant simulacrum (IceCv)
  3 wraiths
  72 yaks
  8 wyverns
  10 basilisks
  2 death yak simulacra
  3 steam dragons
  12 vampire mosquitoes
  2 wargs
  Grum (D:8)
  2 spectral cane toads (Lair:6)
  3 harpy simulacra (IceCv)
  24 nagas
  An acid dragon (D:11)
  15 swamp worms
  A hydra simulacrum (IceCv)
  20 water moccasins
  A swamp drake (Swamp:1)
  6 black bears
  30 orc warriors
  A sky beast (D:6)
  A meliai simulacrum (D:14)
  A swamp dragon zombie (Swamp:4)
  An ettin simulacrum (IceCv)
  15 ogres
  An alligator simulacrum (IceCv)
  7 ice beasts
  4 elephant zombies (Lair:6)
  A necrophage (D:5)
  11 wolves
  9 centaurs
  7 phantoms
  6 kobold brigands (D:8)
  6 bullfrogs
  3 gnoll sergeants
  3 scorpions
  2 cane toad simulacra
  A water moccasin skeleton (D:5)
  2 lindwurm simulacra (IceCv)
  An elephant simulacrum (Lair:6)
  14 killer bees
  15 howler monkeys
  13 electric eels
  2 jellies
  8 hounds
  4 lava snakes (Lair:2)
  4 centaur zombies
  A bullfrog skeleton (D:7)
  2 centaur skeletons
  14 orc priests
  2 gnoll shamans
  Ijyb (D:4)
  Terence (D:2)
  5 iguanas
  29 orc wizards
  4 hell rats (Lair:4)
  A spectral swamp drake (Swamp:4)
  A troll simulacrum (Lair:3)
  A polar bear simulacrum (Lair:3)
  A wolf simulacrum (Lair:3)
  2 hound skeletons
  A howler monkey zombie (D:7)
  18 gnolls
  5 adders
  2 swamp drake zombies (Swamp:4)
  3 naga simulacra (Lair:3)
  6 white imps
  2 worms (D:2)
  3 dart slugs
  65 orcs
  8 endoplasms
  5 giant cockroaches
  7 goblins
  6 hobgoblins
  8 kobolds
  2 quokkas
  6 ball pythons
  4 bats
  2 frilled lizards (D:2)
  A quokka skeleton (D:4)
  4 rats
1014 creatures vanquished.

Vanquished Creatures (others)
  A bunyip (Swamp:4)
  A spriggan (Swamp:4)
  A hornet (Swamp:4)
  A bloated husk (Swamp:4)
  2 vampire mosquitoes (Swamp:4)
  A human (D:7)
  A bullfrog (D:8)
  2 foxfires (Swamp:1)
  8 fungi
  38 plants
  9 withered plants (Lair:6)
65 creatures vanquished.

Grand Total: 1079 creatures vanquished

Notes
Turn   | Place    | Note
-------+----------+-------------------------------------------
     0 | D:1      | robertstho the Minotaur Hunter began the quest for the Orb.
     0 | D:1      | Reached XP level 1. HP: 18/18 MP: 0/0
   443 | D:1      | Reached XP level 2. HP: 25/25 MP: 1/1
   564 | D:1      | Reached skill level 5 in Bows
   958 | D:2      | You fall into a shaft and drop 2 floors!
   958 | D:4      | Found a broken altar of Ashenzari.
   989 | D:4      | Noticed Ijyb
   998 | D:4      | Killed Ijyb
   999 | D:4      | Reached XP level 3. HP: 6/30 MP: 2/2
  1258 | D:4      | Found a staircase to the Ecumenical Temple.
  1318 | Temple   | Entered the Ecumenical Temple
  1473 | Temple   | Became a worshipper of Warmaster Okawaru
  1805 | D:3      | Identified the +4 ring mail of Noughts and Crosses {+Blink}
  1916 | D:3      | Noticed belegose's ghost (amateur GrCA)
  1926 | D:3      | Found a runed translucent door.
  1960 | D:3      | Reached skill level 6 in Bows
  1960 | D:3      | Reached XP level 4. HP: 30/37 MP: 3/3
  2682 | D:2      | Noticed Terence
  2691 | D:2      | Killed Terence
  2692 | D:2      | Reached XP level 5. HP: 38/45 MP: 4/4
  3075 | D:4      | Noticed a black bear
  3086 | D:3      | Killed a black bear
  3087 | D:3      | Reached skill level 7 in Bows
  3087 | D:3      | Reached skill level 1 in Armour
  3087 | D:3      | Reached skill level 1 in Invocations
  3087 | D:3      | Reached XP level 6. HP: 40/51 MP: 5/5
  3343 | D:4      | Reached * piety under Okawaru
  3549 | D:4      | Identified the +4 scimitar of Dishonesty {flame, rCorr MP+9
                  | Str+3 Int-4}
  3788 | D:5      | Entered Level 5 of the Dungeon
  3971 | D:5      | Reached skill level 8 in Bows
  3971 | D:5      | Reached skill level 1 in Shields
  4003 | D:5      | Reached XP level 7. HP: 51/59 MP: 4/7
  4268 | D:5      | Reached ** piety under Okawaru
  4372 | D:5      | Reached skill level 9 in Bows
  4668 | D:6      | Reached skill level 5 in Fighting
  4668 | D:6      | Reached XP level 8. HP: 51/68 MP: 7/9
  4993 | D:6      | Found a stormy altar of Qazlal.
  5018 | D:6      | Found an opulent altar of Gozag.
  5037 | D:6      | Identified the +12 trident of Recklessness {elec, rN+++
                  | Int-3 Dex-3 Stlth+}
  5049 | D:6      | Reached *** piety under Okawaru
  5050 | D:6      | Reached skill level 10 in Bows
  5407 | D:6      | Found a hide-covered altar of Uskayaw.
  5408 | D:6      | Found a shadowy altar of Dithmenos.
  5643 | D:7      | Reached skill level 11 in Bows
  5695 | D:7      | Found a flagged portal.
  5704 | Bailey   | Entered a bailey
  5826 | Bailey   | Reached XP level 9. HP: 58/78 MP: 10/10
  5840 | Bailey   | Noticed an orc knight
  5853 | Bailey   | Killed an orc knight
  5853 | Bailey   | Reached **** piety under Okawaru
  5853 | Bailey   | Received a gift from Okawaru
  5854 | Bailey   | Reached skill level 12 in Bows
  6136 | Bailey   | Found a large runed translucent door.
  6136 | Bailey   | Found a large runed translucent door.
  6139 | Bailey   | Noticed a deep elf pyromancer
  6253 | Bailey   | Killed a deep elf pyromancer
  6265 | Bailey   | Identified the +0 pair of boots "Wammiaw" {rElec Str+4}
  6500 | D:7      | Identified the +3 leather armour of the Six Gods {rPois rC+
                  | Str+4}
  6825 | D:7      | Found an ancient bone altar of Kikubaaqudgha.
  6897 | D:7      | Received a gift from Okawaru
  7319 | D:8      | Noticed Gastronok
  7344 | D:8      | Killed Gastronok
  7344 | D:8      | Received a gift from Okawaru
  7345 | D:8      | Reached skill level 13 in Bows
  7345 | D:8      | Reached XP level 10. HP: 68/90 MP: 10/12
  7489 | D:8      | Noticed a vault sentinel
  7489 | D:8      | Noticed a vault sentinel
  7515 | D:8      | Killed a vault sentinel
  7516 | D:8      | Reached skill level 5 in Invocations
  7525 | D:8      | Killed a vault sentinel
  7526 | D:8      | Reached skill level 1 in Stealth
  7528 | D:8      | Reached ***** piety under Okawaru
  7548 | D:8      | Found the +18 shield of the Gong {rElec rN+ Will+ EV-5}
  7572 | D:8      | Reached skill level 14 in Bows
  7609 | D:8      | Received a gift from Okawaru
  7623 | D:8      | Noticed Grum
  7628 | D:8      | Killed Grum
  8343 | D:8      | Reached skill level 10 in Fighting
  8363 | D:8      | Reached XP level 11. HP: 98/100 MP: 13/13
  8370 | D:8      | Received a gift from Okawaru
  8922 | D:8      | Found a sparkling altar of Nemelex Xobeh.
  9091 | D:8      | Identified the +2 fire dragon scales "Nisutek" {Fly rF++
                  | rC- Dex+6} (Okawaru gifted it to you on level 8 of the
                  | Dungeon)
  9091 | D:8      | Received a gift from Okawaru
  9284 | D:9      | Noticed Harold
  9379 | D:9      | Killed Harold
  9736 | D:9      | Reached skill level 15 in Bows
 10116 | D:10     | Entered Level 10 of the Dungeon
 10275 | D:10     | Noticed Joseph
 10287 | D:10     | Killed Joseph
 10938 | D:10     | Received a gift from Okawaru
 11525 | D:11     | Found a staircase to the Orcish Mines.
 11560 | D:11     | Reached XP level 12. HP: 113/113 MP: 15/15
 11615 | D:11     | Identified the ring "Xuaxkit" {rElec Int+6 Dex+3}
 11639 | D:11     | Noticed Maurice
 11666 | D:11     | Killed Maurice
 11819 | D:11     | Noticed a boulder beetle
 11854 | D:11     | Killed a boulder beetle
 11854 | D:11     | Reached ****** piety under Okawaru
 12192 | D:11     | Reached skill level 16 in Bows
 12215 | D:11     | Noticed a two-headed ogre
 12216 | D:11     | Reached skill level 5 in Armour
 12246 | D:11     | Killed a two-headed ogre
 12397 | D:11     | Found a staircase to the Lair.
 12464 | D:11     | Identified the +1 plate armour of Impermeability {rF+
                  | Int+4} (Okawaru gifted it to you on level 11 of the
                  | Dungeon)
 12464 | D:11     | Received a gift from Okawaru
 12681 | D:11     | Noticed a two-headed ogre
 12689 | D:11     | Killed a two-headed ogre
 12928 | D:11     | Found an ornate altar of the Wu Jian Council.
 13333 | D:12     | Noticed a two-headed ogre
 13349 | D:12     | Killed a two-headed ogre
 13402 | D:12     | Noticed a centaur warrior
 13408 | D:12     | Killed a centaur warrior
 13428 | D:12     | Noticed a stone giant
 13436 | D:12     | Noticed a deep elf annihilator
 13437 | D:12     | Noticed a frost giant
 13441 | D:12     | Noticed an ettin
 13448 | D:12     | Killed a stone giant
 13459 | D:12     | Noticed a six-headed hydra
 13467 | D:12     | Killed a frost giant
 13652 | D:12     | Killed a deep elf annihilator
 13653 | D:12     | Reached skill level 17 in Bows
 13877 | D:12     | Killed an ettin
 14167 | D:12     | Noticed a boulder beetle
 14246 | D:12     | Killed a six-headed hydra
 14276 | D:12     | Killed a boulder beetle
 14277 | D:12     | Reached XP level 13. HP: 45/125 MP: 11/17
 14636 | D:12     | Received a gift from Okawaru
 15075 | D:12     | Identified the +1 fire dragon scales of the Ward {rF++ rC-
                  | rN+ rCorr}
 15620 | Lair:1   | Entered Level 1 of the Lair of Beasts
 15635 | Lair:1   | Upgraded the game from 0.29-a0-82-g837932c90e to
                  | 0.29-a0-91-gdebf4667c2
 16072 | Lair:1   | Identified the +1 cloak of Grand Salvation {Harm} (Okawaru
                  | gifted it to you on level 1 of the Lair of Beasts)
 16072 | Lair:1   | Received a gift from Okawaru
 16091 | Lair:1   | Reached skill level 18 in Bows
 16523 | Lair:2   | Found a staircase to the Snake Pit.
 16529 | Lair:2   | Reached skill level 15 in Fighting
 18027 | Lair:3   | Reached XP level 14. HP: 135/135 MP: 19/19
 18028 | Lair:3   | Identified the ring "Iruagukh" {rPois AC+4 Int+6}
 18207 | Lair:3   | Reached skill level 19 in Bows
 18214 | Lair:3   | Received a gift from Okawaru
 18563 | Lair:3   | Identified the +10 crystal plate armour of Wohaph {Fly rF+}
                  | (Okawaru gifted it to you on level 3 of the Lair of Beasts)
 18563 | Lair:3   | Received a gift from Okawaru
 18994 | Lair:4   | Found a staircase to the Swamp.
 19140 | Lair:3   | HP: 1/136 [poisoned by a cane toad]
 20452 | Lair:5   | Reached skill level 20 in Bows
 20464 | Lair:5   | Identified the +1 quarterstaff of Impatience {pain, *Slow
                  | Fragile Will++ rCorr} (Okawaru gifted it to you on level 5
                  | of the Lair of Beasts)
 20464 | Lair:5   | Received a gift from Okawaru
 21557 | Lair:6   | Entered Level 6 of the Lair of Beasts
 21628 | Lair:6   | Received a gift from Okawaru
 21733 | Lair:6   | Identified a scroll of acquirement
 21736 | Lair:6   | Identified the +1 plate armour of the Hunter {Dex+6}
 21804 | Lair:6   | Reached XP level 15. HP: 146/146 MP: 20/20
 21977 | Lair:6   | Found a staircase to the Slime Pits.
 21977 | Lair:6   | Found a viscous altar of Jiyva.
 22054 | Lair:6   | Reached skill level 5 in Shields
 23026 | Lair:6   | Noticed Snorg
 23033 | Lair:6   | Killed Snorg
 23040 | Lair:6   | Reached skill level 21 in Bows
 23255 | Lair:6   | Acquired 823 gold pieces
 23418 | Orc:1    | Entered Level 1 of the Orcish Mines
 23440 | Orc:1    | Noticed Jorgrun
 23451 | Orc:1    | Killed Jorgrun
 23714 | Orc:1    | Found a burning altar of Makhleb.
 23763 | Orc:2    | Entered Level 2 of the Orcish Mines
 23763 | Orc:2    | Noticed Saint Roka
 23763 | Orc:2    | Found Nizxucu's Weapon Shoppe.
 23768 | Orc:2    | Received a gift from Okawaru
 24052 | Orc:1    | Killed Saint Roka
 24176 | Orc:2    | Reached skill level 5 in Dodging
 24478 | Orc:2    | Found a runed translucent door.
 24686 | Orc:2    | Found Kempe's Antique Armour Shop.
 24686 | Orc:2    | Found Maruu's Armour Shoppe.
 24702 | Orc:2    | Found Diomei Ripso's Jewellery Shop.
 24702 | Orc:2    | Found Potao's General Store.
 24723 | Orc:2    | Bought a potion of curing for 39 gold pieces
 24723 | Orc:2    | Bought a scroll of torment for 97 gold pieces
 24759 | Orc:2    | Found Uneimnusch's Distillery.
 24764 | Orc:2    | Bought a potion of heal wounds for 55 gold pieces
 24764 | Orc:2    | Bought a potion of invisibility for 88 gold pieces
 24764 | Orc:2    | Bought a potion of brilliance for 44 gold pieces
 24764 | Orc:2    | Bought a potion of haste for 110 gold pieces
 24764 | Orc:2    | Bought a potion of heal wounds for 55 gold pieces
 24764 | Orc:2    | Bought a potion of haste for 110 gold pieces
 24764 | Orc:2    | Bought a potion of haste for 110 gold pieces
 24768 | Orc:2    | Found a staircase to the Elven Halls.
 24768 | Orc:2    | Noticed Rupert
 24770 | Orc:2    | Paralysed by Rupert for 2 turns
 24780 | Orc:2    | Killed Rupert
 24890 | Orc:2    | Noticed siradein's ghost (adept DjFE)
 24904 | Orc:2    | Killed siradein's ghost
 25857 | D:13     | Reached skill level 10 in Invocations
 26063 | D:13     | Found a gate to the Vaults.
 26480 | D:13     | Reached XP level 16. HP: 139/159 MP: 22/22
 26966 | D:14     | Received a gift from Okawaru
 27210 | D:14     | Found a huge runed gate.
 27210 | D:14     | Found a huge runed gate.
 27210 | D:14     | Found a huge runed gate.
 27211 | D:14     | Found a huge runed gate.
 27211 | D:14     | Found a huge runed gate.
 27212 | D:14     | Found a huge runed gate.
 27213 | D:14     | Found a huge runed gate.
 27214 | D:14     | Found a huge runed gate.
 27215 | D:14     | Found a huge runed gate.
 27217 | D:14     | Found a huge runed gate.
 27218 | D:14     | Found a huge runed gate.
 27219 | D:14     | Found a huge runed gate.
 27220 | D:14     | Found a huge runed gate.
 27228 | D:14     | Found a huge runed gate.
 27228 | D:14     | Found a huge runed gate.
 27228 | D:14     | Found a huge runed gate.
 27228 | D:14     | Found a huge runed gate.
 27228 | D:14     | Found a huge runed gate.
 27228 | D:14     | Found a huge runed gate.
 27229 | D:14     | Found a huge runed gate.
 27254 | D:14     | Found a huge runed gate.
 27254 | D:14     | Found a huge runed gate.
 27254 | D:14     | Found a huge runed gate.
 27254 | D:14     | Found a huge runed gate.
 27255 | D:14     | Found a huge runed gate.
 27256 | D:14     | Found a huge runed gate.
 27264 | D:14     | Found a huge runed gate.
 27264 | D:14     | Found a huge runed gate.
 27264 | D:14     | Found a huge runed gate.
 27264 | D:14     | Found a huge runed gate.
 27264 | D:14     | Found a huge runed gate.
 27264 | D:14     | Found a huge runed gate.
 27265 | D:14     | Found a huge runed gate.
 27266 | D:14     | Found a huge runed gate.
 27267 | D:14     | Found a huge runed gate.
 27275 | D:14     | Found a huge runed gate.
 27403 | D:15     | Entered Level 15 of the Dungeon
 27624 | D:15     | Found a frozen archway.
 27684 | IceCv    | Entered an ice cave
 27702 | IceCv    | Reached skill level 22 in Bows
 28413 | IceCv    | Got Ligaivec's Incunabulum of Dislocated Ice
 28416 | IceCv    | Identified the +1 leather armour "Zehocej" {Rampage
                  | *Corrode rPois MP-9}
 28727 | D:15     | Found a staircase to the Depths.
 28739 | D:15     | Identified the +2 scale mail "Pepoj" {rF+}
 29485 | Swamp:1  | Entered Level 1 of the Swamp
 29681 | Swamp:1  | Received a gift from Okawaru
 30139 | Swamp:2  | Noticed a tentacled monstrosity
 30148 | Swamp:2  | Killed a tentacled monstrosity
 30149 | Swamp:2  | Reached skill level 10 in Armour
 30636 | Swamp:3  | Received a gift from Okawaru
 30757 | Swamp:3  | Received a gift from Okawaru
 31094 | Swamp:3  | Noticed Mara
 31098 | Swamp:3  | Noticed robertstho's illusion
 31134 | Swamp:3  | Killed Mara
 31523 | Swamp:4  | Entered Level 4 of the Swamp
 31549 | Swamp:4  | Reached XP level 17. HP: 160/161 MP: 24/24
 31687 | Swamp:4  | Received a gift from Okawaru
 31702 | Swamp:4  | Reached skill level 23 in Bows
 31812 | Swamp:4  | Noticed a bone dragon
 31825 | Swamp:4  | Killed a bone dragon
 32238 | Swamp:4  | Noticed Bai Suzhen
 32272 | Swamp:4  | Killed Bai Suzhen
 33110 | Swamp:4  | Identified the +0 chain mail "Eduet" {+Inv Will+ rCorr}
                  | (Okawaru gifted it to you on level 4 of the Swamp)
 33110 | Swamp:4  | Received a gift from Okawaru
 33406 | Swamp:4  | Got a decaying rune of Zot
 33661 | Snake:1  | Entered Level 1 of the Snake Pit
 33861 | Snake:1  | Found Zaoz's Distillery.
 33871 | Snake:1  | Found Jiah's General Store.
 33873 | Snake:1  | Bought a potion of curing for 42 gold pieces
 33873 | Snake:1  | Bought a potion of invisibility for 112 gold pieces
 33873 | Snake:1  | Bought a potion of curing for 42 gold pieces
 33873 | Snake:1  | Bought a potion of heal wounds for 70 gold pieces
 33873 | Snake:1  | Bought a potion of degeneration for 14 gold pieces
 33886 | Snake:1  | Bought a ring of protection from cold for 250 gold pieces
 34048 | Snake:1  | Found a transporter.
 34120 | Snake:1  | Found a transporter.
 34121 | Snake:1  | Found a bloodstained altar of Trog.
 34121 | Snake:1  | Identified the +8 war axe of the Peculiar Souls {vamp,
                  | *Corrode rElec Int+4}
 34121 | Snake:1  | Noticed Gonliqab's ghost (journeyman MiFi)
 35739 | Snake:3  | Received a gift from Okawaru
 36198 | Snake:3  | Found Mewaxtev's Distillery.
 36201 | Snake:3  | Bought a potion of attraction for 39 gold pieces
 36201 | Snake:3  | Bought a potion of heal wounds for 65 gold pieces
 36201 | Snake:3  | Bought a potion of flight for 39 gold pieces
 36210 | Snake:3  | Identified the +6 dire flail of Pen Sany {venom, rElec}
                  | (Okawaru gifted it to you on level 3 of the Snake Pit)
 36210 | Snake:3  | Received a gift from Okawaru
 36738 | Snake:4  | Entered Level 4 of the Snake Pit
 36749 | Snake:4  | Reached XP level 18. HP: 170/183 MP: 25/25
 37260 | Snake:4  | Reached skill level 24 in Bows
 37406 | Snake:4  | Noticed Aizul
 37412 | Snake:4  | Killed Aizul
 37472 | Snake:4  | Killed from afar by a salamander tyrant

Illustrated notes

Levels and vault maps discovered:
D:1:      pf_arrival_petrified_forest, layout_basic, st_stairs_9,
          grunt_decor_fettered, minmay_split_cup_large
D:2:      layout_rooms, serial_glass, glass_columns_c, glass_columns_c,
          serial_bayou_pond_c, uniq_terence
D:3:      layout_loops_cross, hellmonk_ghost_happy_afterlife, grunt_ministairs_2
D:4:      layout_basic, mainiacjoe_overflow_chevrons,
          minmay_temple_entry_statues, uniq_ijyb
D:5:      layout_basic
D:6:      layout_basic, grunt_qazlal_clouds, grunt_gozag_statues,
          gammafunk_temple_overflow_statue, minivault_1
D:7:      layout_loops_ring, tgw_kikubaaqudgha, enter_bailey_2
D:8:      lemuel_castle_with_subvaults [lemuel_castle_interior_carwin_3],
          layout_loops_cross, nemelex_diamond_rough_becter,
          corexii_hall_statues_l, hellmonk_guarded_unrand_gong, uniq_gastronok,
          uniq_grum
D:9:      layout_rooms, uniq_harold
D:10:     layout_gridville, serial_bayou_ford_a, uniq_joseph
D:11:     layout_basic, orc_0_dummy, pdpol_wu_jian_five_deadly_venoms,
          uniq_maurice
D:12:     minmay_strange_plus, layout_loops_cross
D:13:     nicolae_BIG_FREAKIN_CUBE, layout_cross,
          lightli_vaults_fourway_checkpoint, minivault_14
D:14:     layout_cave_pools, serial_column_ruins, column_ruins_hut_ruined,
          column_ruins_hut, column_ruins_corridor_straight,
          column_ruins_open_tiny, column_ruins_open_small,
          column_ruins_columns_straight, door_vault
D:15:     grunt_enter_depths_hoard, layout_long_grid,
          portal_ice_cave_entry_pillars_1
Temple:   regret_index_temple_waves
Lair:1:   layout_hall_layers, columned_hall_lemuel, gammafunk_lair_bear_cave
Lair:2:   layout_chaotic_city, minmay_snake_entry_six_corridors,
          serial_bayou_lagoon_a, nicolae_lair_liquid_snakes,
          infiniplex_staircase_pool
Lair:3:   dreamdust_isle_of_ice, layout_regular_city, st_stairs_8,
          minmay_shattered_shrine, grunt_megastairs_2
Lair:4:   layout_misc_corridors, swamp_mist, special_room [special_room_bee],
          evilmike_ambush [evilmike_ambush_outer_basic,
          evilmike_ambush_inner_basic]
Lair:5:   hellmonk_ruined_rings, layout_big_grid, serial_bayou,
          serial_bayou_shore_b, serial_bayou_lake_a, serial_bayou_pond_a,
          serial_bayou_lagoon_b, serial_bayou_pond_e, serial_bayou_pond_a
Lair:6:   due_jungle_book, layout_cave_pods, slime_altar_1, ice2_lemuel,
          uniq_snorg
Swamp:1:  layout_basic_swamp, evilmike_swamp_ruin_rubble_2, swamp_pool3,
          infiniplex_staircase_pool_2
Swamp:2:  layout_basic_swamp, evilmike_swamp_ruin_house_4
Swamp:3:  layout_basic_swamp, evilmike_swamp_ruin_house_6, uniq_mara
Swamp:4:  swamp_pestilence, layout_basic_swamp, nicolae_swamp_little_swirl,
          uniq_bai_suzhen
Snake:1:  layout_misc_corridors, gammafunk_ghost_wrathful_warriors,
          minmay_shoptagon
Snake:2:  layout_misc_corridors, grunt_ministairs_3
Snake:3:  layout_cave_town, serial_shops, nicolae_shop_behind_doors,
          serial_bayou, serial_bayou_pond_d, serial_bayou_pond_c,
          serial_bayou_shore_b, serial_bayou_shore_b, grunt_megastairs_3
Snake:4:  snake_pit, layout_cave_town, basic_altar, nicolae_snake_springs,
          lemuel_fruit_tree, uniq_aizul
Orc:1:    layout_caves, basic_altar, mines2_lemuel, uniq_jorgrun
Orc:2:    grunt_orc_tribal_feast, layout_caves, serial_shops,
          nicolae_shop_bloodbath_and_beyond, nicolae_shop_hallway_plus,
          ebering_ghost_reflecting_pool, uniq_rupert, uniq_saint_roka

Skill      XL: |  1  2  3  4  5  6  7  8  9 10 11 12 13 14 15 16 17 18 |
---------------+-------------------------------------------------------+-----
Bows           | 5 6 7 8 9 11 13 14 15 17 18 20 21 22 23 24 | 24.1
Fighting       | 3 4 5 6 8 10 12 14 15 16 18 20 21 22 | 22.1
Armour         | 1 2 3 4 5 7 8 9 10 11 | 11.3
Invocations    | 1 2 3 4 5 6 7 8 9 10 11 | 11.8
Shields        | 1 2 3 4 5 6 |  6.1
Stealth        | 1 2 |  2.9
Dodging        | 3 4 5 6 |  6.0
Polearms       | |  0.3
Evocations     | |  0.8

Action                   |  1- 3 |  4- 6 |  7- 9 | 10-12 | 13-15 | 16-18 || total
-------------------------+-------+-------+-------+-------+-------+-------++-------
Melee: Scimitar          |       |       |     1 |       |       |       ||     1
       Trident           |       |       |     1 |       |       |       ||     1
       Shortbow          |       |       |       |     2 |       |       ||     2
       Headbutt          |       |       |       |     1 |       |       ||     1
 Fire: Shortbow          |    71 |   150 |   374 |  1024 |    27 |       ||  1646
       Longbow           |       |       |       |       |  1234 |  1207 ||  2441
Invok: Heroism           |       |     1 |     2 |     6 |     3 |     3 ||    15
       Finesse           |       |       |       |     1 |     3 |     3 ||     7
Evoke: Wand              |       |       |     7 |       |       |       ||     7
  Use: Scroll            |     1 |     2 |     5 |     2 |     9 |    15 ||    34
       Potion            |     1 |       |     2 |     3 |     5 |     9 ||    20
Armor: Leather armour    |     8 |       |       |       |       |       ||     8
       Ring mail         |     5 |    24 |    50 |       |       |       ||    79
       Chain mail        |       |       |    10 |    34 |       |       ||    44
       Fire dragon scale |       |       |       |   160 |   236 |    39 ||   435
       Ice dragon scales |       |       |       |       |       |    53 ||    53
       Crystal plate arm |       |       |       |       |       |   212 ||   212
Dodge: Dodged            |    21 |    36 |    52 |   151 |   202 |   138 ||   600
Block: Other             |       |    16 |    29 |    71 |    75 |    77 ||   268
       Reflection        |       |       |       |     9 |     1 |     4 ||    14

Table legend: (Time is in decaauts)
 A = Elapsed time spent in this place.
 B = Non-inter-level travel time spent in this place.
 C = Inter-level travel time spent in this place.
 D = Time resting spent in this place.
 E = Time spent auto-exploring this place.
 F = Levels seen in this place.
 G = Mean time per level.
                   A        B        C        D        E       F      G
               +--------+--------+--------+--------+--------+-----+--------+
         Total |  36239 |  34722 |   1517 |   2605 |  26015 |  34 | 1065.9 |
       Dungeon |  17451 |  16637 |    814 |    938 |  12923 |  15 | 1163.4 |
        Temple |    187 |    127 |     60 |      0 |    116 |   1 |  187.0 |
          Lair |   7587 |   7253 |    334 |    569 |   5345 |   6 | 1264.5 |
         Swamp |   3972 |   3860 |    112 |    488 |   2675 |   4 |  993.0 |
     Snake Pit |   3680 |   3585 |     95 |     57 |   2946 |   4 |  920.0 |
  Orcish Mines |   1998 |   1898 |    100 |      0 |   1541 |   2 |  999.0 |
        Bailey |    598 |    598 |      0 |      0 |    409 |   1 |  598.0 |
      Ice Cave |    763 |    763 |      0 |    552 |     59 |   1 |  763.0 |
               +--------+--------+--------+--------+--------+-----+--------+

Top non-repeatable levels by time:
    D:12: 2713 daAuts
  Lair:3: 2159 daAuts
 Swamp:4: 1960 daAuts
     D:8: 1793 daAuts
    D:11: 1682 daAuts
  Lair:6: 1636 daAuts
 Snake:2: 1506 daAuts
    D:10: 1335 daAuts
     D:4: 1242 daAuts
  Lair:5: 1230 daAuts
     D:7: 1158 daAuts
    D:15: 1120 daAuts
 Snake:3: 1082 daAuts
   Orc:1: 1030 daAuts
   Orc:2: 968 daAuts
